 Dungeon Crawl Stone Soup version 0.23.2-40-g277498a001 (webtiles) character file.

Game seed: 4312332411658753207

71 FishyPogo the Sneak (level 4, 0/37 HPs)
             Began as a Naga Enchanter on Oct 5, 2019.
             Was an Initiate of Dithmenos.
             Succumbed to an adder's poison
             ... on level 2 of the Dungeon.
             The game lasted 00:09:48 (1157 turns).

FishyPogo the Sneak (Naga Enchanter)                Turns: 1157, Time: 00:09:49

Health: 0/37       AC:  2    Str:  8 (11) XL:     4   Next: 24%
Magic:  3/7        EV:  9    Int: 20 (21) God:    Dithmenos [......]
Gold:   70         SH:  3    Dex:  8 (11) Spells: 0/7 levels left

rFire    . . .     SeeInvis +   a - +1 dagger
rCold    . . .     Gourm    .   c - +0 buckler
rNeg     . . .     Faith    .   b - +0 robe
rPois    +         Spirit   .   (no helmet)
rElec    .         Reflect  .   (no cloak)
rCorr    .         Harm     .   (no gloves)
MR       .....                  (no barding)
Stlth    ++........             (no amulet)
HPRegen  0.12/turn              (no ring)
MPRegen  0.10/turn              (no ring)

@: brilliant, lethally poisoned (0 -> -1), berserk cooldown, very slightly
contaminated, slowed, invisible (expiring), very slow
A: large, see invisible, deformed body, poison resistance, slowness 2, slow
metabolism 1, spit poison 1, AC +1
a: Spit Poison, Renounce Religion


You were on level 2 of the Dungeon.
You worshipped Dithmenos.
Dithmenos was noncommittal.
You were very full.

You visited 1 branch of the dungeon, and saw 2 of its levels.

You collected 70 gold pieces.

Inventory:

Hand Weapons
 a - a +1 dagger (weapon)
Missiles
 l - 18 stones (quivered)
Armour
 b - a +0 robe (worn)
 c - a +0 buckler (worn)
Scrolls
 i - a scroll of noise
 j - 2 scrolls of identify
Potions
 e - a potion of invisibility
 k - 2 potions of degeneration
Comestibles
 f - 3 chunks of flesh


   Skills:
 + Level 0.9 Fighting
 - Level 1.0 Short Blades
 - Level 1.5 Dodging
 - Level 5.0 Stealth
 * Level 1.4 Shields
 + Level 2.3 Spellcasting
 * Level 3.7 Hexes


You couldn't memorise any spells.
You knew the following spells:

 Your Spells              Type           Power        Failure   Level  Hunger
a - Corona                Hex            ####...      1%          1    #......
b - Confuse               Hex            ####....     1%          3    ###....
c - Tukima's Dance        Hex            ####....     1%          3    ###....

Your spell library contained the following spells:

 Spells                   Type           Power        Failure   Level  Hunger
 Ensorcelled Hibernation  Hex/Ice        ###...       1%          2    ##.....
 Dazzling Spray           Conj/Hex       ###...       3%          3    ###....


Dungeon Overview and Level Annotations

Branches:
Dungeon (2/15)

Altars:
Dithmenos


Innate Abilities, Weirdness & Mutations

You cannot wear boots.
Your serpentine skin is tough. (AC +1)
You have supernaturally acute eyesight. (SInv)
Armour fits poorly on your strangely shaped body.
Your system is resistant to poisons. (rPois)
You cover ground very slowly.
You have a slow metabolism.
You can spit poison.


Message History

Okay, then.
Why would you want to do that?
As you read the scroll labeled TARERO FERA, it crumbles to dust.
It is a scroll of identify.
i - a scroll of noise
* * * LOW HITPOINT WARNING * * *
You feel sick.
As you read the scroll labeled FIOFAE UFFU, it crumbles to dust.
Your brain hurts!
It was a scroll of random uselessness.
Okay, then.
You eat one of the 2 rations.
That ration really hit the spot!
* * * LOW HITPOINT WARNING * * *
You feel sick.
You eat the ration.
That ration really hit the spot!
* * * LOW HITPOINT WARNING * * *
You feel sick.
You flicker for a moment.
* * * LOW HITPOINT WARNING * * *
You feel sick.
You die...

..# ..(#.# # #.##.# .##
#.##.# ..< ...#.####
#.##..#....# #.#..####.#
#...# #.# #.@.# #.#
##)..# #.#### #...##
#....# #.#..# ####.##
..##..# ##...# ..##
#..## #....#### ...
#.#.## #.......## #
#.####.###.####.#.###..#
#. #.##..# ##.......#
##.#


There were no monsters in sight!

Vanquished Creatures
  An adder (D:2)
  A worm (D:2)
  4 dart slugs
  A leopard gecko (D:1)
  A ball python (D:2)
  3 giant cockroaches
  4 goblins
  8 hobgoblins
  6 jackals
  A quokka (D:2)
  6 bats (D:1)
  A frilled lizard (D:1)
  2 kobolds (D:1)
  7 rats
46 creatures vanquished.

Notes
Turn   | Place    | Note
-------+----------+-------------------------------------------
     0 | D:1      | FishyPogo the Naga Enchanter began the quest for the Orb.
     0 | D:1      | Reached XP level 1. HP: 15/15 MP: 3/3
   128 | D:1      | Reached XP level 2. HP: 8/22 MP: 1/5
   447 | D:1      | Reached XP level 3. HP: 22/30 MP: 4/6
   452 | D:1      | Learned a level 3 spell: Tukima's Dance
   497 | D:1      | Reached skill level 1 in Shields
   956 | D:2      | Found a shadowy altar of Dithmenos.
   963 | D:2      | Became a worshipper of Dithmenos the Shadowed
  1049 | D:2      | Reached skill level 5 in Stealth
  1049 | D:2      | Reached XP level 4. HP: 24/37 MP: 7/7
  1119 | D:2      | Learned a level 3 spell: Confuse
  1152 | D:2      | HP: 1/37 [poisoned by an adder]
  1157 | D:2      | Succumbed to an adder's poison

Skill      XL: |  1  2  3 |
---------------+----------+-----
Shields        | 1 |  1.4
Stealth        | 5 |  5.0
Fighting       | |  0.9
Short Blades   | |  1.0
Dodging        | |  1.5
Spellcasting   | |  2.3
Hexes          | |  3.7

Action                   |  1- 3 |  4- 6 || total
-------------------------+-------+-------++-------
Melee: Dagger            |    78 |    12 ||    90
 Cast: Corona            |    36 |     2 ||    38
       Confuse           |       |     1 ||     1
 Abil: Spit Poison       |    33 |     3 ||    36
  Use: Potion            |       |     4 ||     4
       Scroll            |       |     2 ||     2
 Stab: Sleeping          |     4 |       ||     4
  Eat: Chunk             |     2 |     1 ||     3
       Ration            |       |     2 ||     2
Armor: Robe              |    24 |     1 ||    25
Dodge: Dodged            |    49 |     5 ||    54
Block: Buckler           |     2 |     2 ||     4
